 Seeded DCSS version 0.31-a0-246-g8cbcc1cb85 (webtiles) character file.

Game seed: 14215367866634240820 (custom seed)

15835 innerfire43 the Mimic (level 12, -26/86 HPs)
             Began as a Demonspawn Monk on July 12, 2023.
             Was a High Priest of Cheibriados.
             Killed from afar by Jorgrun (44 damage)
             ... with an entropic shot
             ... on level 12 of the Dungeon.
             The game lasted 00:17:59 (9729 turns).

innerfire43 the Mimic (Demonspawn Monk)             Turns: 9729, Time: 00:18:02

Health: -26/86     AC: 18    Str: 31    XL:     12   Next: 4%
Magic:  17/17      EV: 19    Int: 25    God:    Cheibriados [*****.]
Gold:   532        SH:  8    Dex: 30    Spells: 15/17 levels left

rFire   . . .        s - +12 executioner's axe of Obsession {heavy, rElec Str+3}
rCold   . . .        (shield currently unavailable)
rNeg    . . .        S - +4 troll leather armour
rPois   +            U - +1 hat
rElec   +            (no cloak)
rCorr   +            P - +0 pair of gloves
SInv    .            k - +1 pair of boots of Ojilax {rElec}
Will    .....        I - amulet of magic regeneration
Stlth   ++           x - ring of resist corrosion
HPRegen 1.14/turn    L - ring of poison resistance
MPRegen 0.55/turn

%: no passive effects
@: very slow
A: horns 1, large bone plates 1, demonic guardian 2, icemail 1, condensation
shield
a: Renounce Religion, Bend Time, Temporal Distortion, Slouch, Step From Time


You were on level 12 of the Dungeon.
You worshipped Cheibriados.
Cheibriados was extremely pleased with you.
You visited 3 branches of the dungeon, and saw 16 of its levels.

You collected 749 gold pieces.
You spent 217 gold pieces at shops.

Inventory:

Hand Weapons
 s - the +12 executioner's axe of Obsession (weapon) {heavy, rElec Str+3}
   (You acquired it on level 7 of the Dungeon)

   Str:       It affects your strength (+3).
   rElec:     It insulates you from electricity.
 J - a +4 broad axe of flaming
Missiles
 h - 4 silver javelins
Armour
 b - a scarf of invisibility
 d - an orb of light
 k - the +1 pair of boots of Ojilax (worn) {rElec}
   (You acquired it on level 12 of the Dungeon)

   rElec:     It insulates you from electricity.
 P - a +0 pair of gloves (worn)
 S - a +4 troll leather armour (worn)
 U - a +1 hat (worn)
Jewellery
 x - a ring of resist corrosion (left hand)
 H - a ring of see invisible
 I - an amulet of magic regeneration (around neck)
 L - a ring of poison resistance (right hand)
 O - a ring of flight
Talismans
 D - a serpent talisman
Wands
 t - a wand of polymorph (26)
 v - a wand of mindburst (17)
 y - a wand of roots (13)
 B - a wand of quicksilver (17)
 F - a wand of paralysis (22)
 G - a wand of flame (35)
Scrolls
 f - 2 scrolls of fog {unknown}
 i - 2 scrolls of amnesia
 j - a scroll of silence {unknown}
 l - 2 scrolls of poison
 o - 2 scrolls of torment {unknown}
 p - 3 scrolls of teleportation {unknown}
 u - 3 scrolls of blinking {unknown}
 C - 3 scrolls of vulnerability {unknown}
 N - a scroll of enchant weapon
 R - a scroll of revelation {unknown}
Potions
 a - a potion of magic {unknown}
 c - 3 potions of ambrosia
 e - 3 potions of brilliance
 g - 4 potions of curing
 n - 2 potions of berserk rage
 z - a potion of lignification
 A - 2 potions of attraction
 K - 3 potions of might
 T - a potion of invisibility
Miscellaneous
 m - a lightning rod (4/4)


   Skills:
 - Level 5.2 Fighting
 - Level 8.0 Axes
 - Level 8.1 Armour
 - Level 7.2 Dodging
 * Level 3.4 Spellcasting
 * Level 3.3 Transmutations
 * Level 9.2 Shapeshifting


You had 15 spell levels left.
You knew the following spells:

 Your Spells              Type           Power      Damage    Failure   Level
a - Wereblood             Tmut           21%        N/A       3%          2

Your spell library contained the following spells:

 Spells                   Type           Power      Damage    Failure   Level
 Passwall                 Tmut/Erth      10%        N/A       8%          2
 Apportation              Tloc           8%         N/A       11%         1
 Necrotise                Necr           16%        1d4       11%         1
 Sandblast                Erth           8%         2d5       11%         1
 Summon Small Mammal      Summ           16%        N/A       11%         1
 Sublimation of Blood     Necr           4%         N/A       16%         2
 Gell's Gravitas          Tloc           4%         N/A       30%         3
 Hailstorm                Conj/Ice       4%         3d4       30%         3
 Stone Arrow              Conj/Erth      8%         3d7       30%         3
 Teleport Other           Tloc           4%         N/A       30%         3
 Petrify                  Tmut/Erth      12%        N/A       45%         4
 Summon Ice Beast         Ice/Summ       4%         N/A       71%         4
 Irradiate                Conj/Tmut      6%         3d13      82%         5
 Fireball                 Conj/Fire      2%         3d4       96%         5
 Iskenderun's Battlesphe  Conj           4%         2d6       96%         5
 Conjure Ball Lightning   Conj/Air       2%         3x3d6     100%        6
 Dispersal                Tloc           2%         N/A       100%        6
 Simulacrum               Ice/Necr       2%         N/A       100%        6
 Orb of Destruction       Conj           2%         9d5       100%        7
 Summon Hydra             Summ           2%         N/A       100%        7


Dungeon Overview and Level Annotations

Branches:
Dungeon (14/15)            Temple (1/1) D:7            Lair (0/5) D:9
    Orc (1/2) D:9
 Vaults: D:13-14

Altars:
Cheibriados
Fedhas
Gozag
Kikubaaqudgha
Nemelex Xobeh
Okawaru
Qazlal
Ru
Sif Muna
Trog
Uskayaw
Vehumet
Yredelemnul

Shops:
D:4 [   D:5 *   D:7 *   D:9 !

Annotations:
D:12 Jorgrun


Innate Abilities, Weirdness & Mutations

You have a pair of small horns on your head.
You are partially covered in large bone plates. (SH +4)
A demonic guardian rushes to your aid.
A meltable icy envelope protects you from harm. (AC +4)
A meltable shield of frost defends you. (SH +4)


Message History

Found a lightning rod (4/4).
Found 8 stones.
No target in view!
You see here a lightning rod (4/4).
m - a lightning rod (4/4)
There is a shaft here.
A gargoyle comes into view. It is wielding a +0 mace.
A gargoyle is nearby!
The gargoyle hurls a stone arrow at you.
The stone arrow hits you!
The gargoyle hurls a stone arrow at you.
The stone arrow misses you. The gargoyle hits you with a +0 mace.
The gargoyle closely misses you.
A gargoyle is nearby!
You open the gargoyle like a pillowcase!!!
You destroy the gargoyle!
Cheibriados appreciates the change of pace.
No target in view!
Jorgrun Earthshaker comes into view.
He is wielding a +0 heavy quarterstaff and wearing a +1 robe of willpower.
Jorgrun shouts!
Jorgrun gestures next to you while chanting.
Some rock shatters into small pieces.
You chop Jorgrun into pieces!!! Your headbutt misses Jorgrun.
Jorgrun is moderately wounded.
Jorgrun gestures at you while chanting. The entropic shot hits you!!!
Ouch! That really hurt!
A demonic guardian appears!
Jorgrun hits you with a +0 heavy quarterstaff!!
* * * LOW HITPOINT WARNING * * *
You feel better. Jorgrun closely misses you.
Your rust devil closely misses Jorgrun.
You closely miss Jorgrun.
Jorgrun is moderately wounded.
Your rust devil barely misses Jorgrun.
Jorgrun says, "Yer just na down-ta-earth enough."
Jorgrun points at you and mumbles some strange words.
The entropic shot hits you!!!
Ouch! That really hurt!
You die...

#.#...###(..#
.#).#########
........#
#.#.#########
........# ...###
#.......# ...###
#.......# ...###
#.......# #.#.##
#.......# .#..##
#.4.....# #.#.##
#@g# ...### ##.##
...############..#
#...............##
#############.###
.# .# ##


You could see Jorgrun (ally target) and a friendly rust devil (summoned).

Vanquished Creatures
  Gastronok (D:12)
  4 two-headed ogres
  Nergalle (Orc:1)
  Pikel (D:7)
  3 cyclopes
  Maggie (D:7)
  2 gargoyles (D:12)
  An unseen horror (D:11)
  A kobold demonologist (D:11)
  2 trolls
  2 hornets
  11 yaks
  A shadow (D:10)
  2 wyverns
  2 steam dragons
  2 vampire mosquitoes (D:11)
  A water moccasin (D:7)
  Duvessa (D:7)
  2 ice beasts
  2 sky beasts
  A black bear (D:4)
  An ogre (Orc:1)
  5 orc warriors
  3 centaurs
  A lemure (D:7)
  3 kobold brigands
  A phantom (D:5)
  A bullfrog (D:9)
  3 scorpions
  3 gnoll sergeants
  6 wights (D:7)
  Dowan (D:7)
  9 killer bees
  A howler monkey (D:9)
  5 hounds
  4 orc priests
  3 iguanas
  7 orc wizards
  15 gnolls
  3 adders
  2 white imps
  A worm (D:3)
  2 dart slugs
  23 orcs
  10 ball pythons
  10 endoplasms
  7 giant cockroaches
  9 goblins
  6 hobgoblins
  6 jackals (D:1)
  15 kobolds
  10 quokkas
  5 bats
  5 frilled lizards
  4 rats
234 creatures vanquished.

Vanquished Creatures (collateral kills)
  Kirke (D:12)
  A yak (D:11)
  A hog (D:12)
  A water moccasin (D:5)
  An orc warrior (Orc:1)
  2 black bears
  2 wights (D:7)
  An orc priest (D:3)
  Terence (D:3)
  An orc wizard (Orc:1)
  An adder (D:5)
  A worm (D:2)
  7 orcs
21 creatures vanquished.

Grand Total: 255 creatures vanquished

Notes
Turn   | Place    | Note
-------+----------+-------------------------------------------
     0 | D:1      | innerfire43 the Demonspawn Monk began the quest for the
                  | Orb.
     0 | D:1      | Reached XP level 1. HP: 18/18 MP: 1/1
    51 | D:1      | Gained mutation: A weak demonic guardian rushes to your
                  | aid. [demonic ancestry]
    51 | D:1      | Reached XP level 2. HP: 12/24 MP: 2/2
   499 | D:1      | Reached XP level 3. HP: 29/29 MP: 3/3
  1160 | D:2      | Gained mutation: A demonic guardian rushes to your aid.
                  | [demonic ancestry]
  1160 | D:2      | Reached XP level 4. HP: 12/35 MP: 4/4
  1779 | D:3      | Reached skill level 1 in Armour
  1779 | D:3      | Reached XP level 5. HP: 22/42 MP: 5/5
  1955 | D:3      | Noticed Terence
  1960 | D:3      | Killed Terence
  2502 | D:4      | Found Junwutirr's Armour Shoppe.
  2695 | D:4      | Noticed a black bear
  2706 | D:4      | Killed a black bear
  2707 | D:4      | Reached XP level 6. HP: 15/48 MP: 6/6
  3598 | D:5      | Entered Level 5 of the Dungeon
  3606 | D:5      | Reached skill level 5 in Axes
  3629 | D:5      | Found Ucuimn's Serpentskin Sales.
  3629 | D:5      | Noticed a water moccasin
  3639 | D:5      | Killed a water moccasin
  3640 | D:5      | Gained mutation: A meltable shield of frost defends you.
                  | (SH +4) [demonic ancestry]
  3640 | D:5      | Reached XP level 7. HP: 17/55 MP: 7/7
  4151 | D:5      | Reached skill level 5 in Fighting
  4399 | D:5      | Gained mutation: You are partially covered in large bone
                  | plates. (SH +4) [demonic ancestry]
  4399 | D:5      | Reached XP level 8. HP: 61/62 MP: 8/8
  4815 | D:6      | Identified the +1 long sword "Demon's Foe" {pain, *Slow
                  | rPois Str-4 Int+5}
  4868 | D:6      | Reached skill level 1 in Shapeshifting
  5284 | D:7      | Found Jeemya's Assorted Antiques.
  5293 | D:7      | Bought a glowing broad axe for 217 gold pieces
  5309 | D:7      | Reached skill level 5 in Dodging
  5365 | D:7      | Noticed Maggie
  5375 | D:7      | Killed Maggie
  5376 | D:7      | Reached skill level 2 in Shapeshifting
  5564 | D:7      | Reached skill level 3 in Shapeshifting
  5573 | D:7      | Gained mutation: You have a pair of small horns on your
                  | head. [demonic ancestry]
  5573 | D:7      | Reached XP level 9. HP: 35/68 MP: 9/9
  5701 | D:7      | Noticed Pikel
  5708 | D:7      | Killed Pikel
  5709 | D:7      | Reached skill level 5 in Armour
  5709 | D:7      | Reached skill level 4 in Shapeshifting
  5868 | D:7      | Noticed Dowan
  5869 | D:7      | Noticed Duvessa
  5872 | D:7      | Killed Dowan
  5877 | D:7      | Killed Duvessa
  6092 | D:7      | Found a staircase to the Ecumenical Temple.
  6121 | Temple   | Entered the Ecumenical Temple
  6156 | Temple   | Became a worshipper of Cheibriados the Contemplative
  6156 | Temple   | Reached * piety under Cheibriados
  6156 | Temple   | Reached ** piety under Cheibriados
  6189 | D:7      | Reached skill level 5 in Shapeshifting
  6393 | D:7      | Identified a scroll of acquirement
  6393 | D:7      | Acquired the +12 executioner's axe of Obsession {heavy,
                  | rElec Str+3}
  6512 | D:8      | Gained mutation: A meltable icy envelope protects you from
                  | harm. (AC +4) [demonic ancestry]
  6512 | D:8      | Reached XP level 10. HP: 70/74 MP: 10/10
  6901 | D:8      | Reached *** piety under Cheibriados
  7057 | D:9      | Found a sacrificial altar of Ru.
  7060 | D:9      | Found an ancient bone altar of Kikubaaqudgha.
  7060 | D:9      | Found a hide-covered altar of Uskayaw.
  7061 | D:9      | Found a sparkling altar of Nemelex Xobeh.
  7061 | D:9      | Found a basalt altar of Yredelemnul.
  7068 | D:9      | Reached skill level 6 in Shapeshifting
  7117 | D:9      | Found a staircase to the Orcish Mines.
  7490 | D:9      | Found a staircase to the Lair.
  7518 | D:9      | Found Luocluk's Distillery.
  7861 | Orc:1    | Entered Level 1 of the Orcish Mines
  8059 | Orc:1    | Reached **** piety under Cheibriados
  8065 | Orc:1    | Noticed Nergalle
  8072 | Orc:1    | Killed Nergalle
  8073 | Orc:1    | Reached skill level 7 in Shapeshifting
  8202 | D:10     | Entered Level 10 of the Dungeon
  8238 | D:10     | Noticed a two-headed ogre
  8241 | D:10     | Killed a two-headed ogre
  8272 | D:10     | Identified the +1 rapier of Havoc {holy, rPois rF- Dex+6
                  | Stlth+}
  8364 | D:10     | Reached XP level 11. HP: 80/80 MP: 11/11
  8821 | D:11     | Reached skill level 8 in Shapeshifting
  8821 | D:11     | Noticed a two-headed ogre
  8823 | D:11     | Noticed a two-headed ogre
  8825 | D:11     | Killed a two-headed ogre
  8832 | D:11     | Killed a two-headed ogre
  8857 | D:11     | Reached ***** piety under Cheibriados
  9147 | D:11     | Learned a level 2 spell: Wereblood
  9203 | D:12     | Noticed a two-headed ogre
  9210 | D:12     | Killed a two-headed ogre
  9211 | D:12     | Reached skill level 1 in Spellcasting
  9211 | D:12     | Reached skill level 1 in Transmutations
  9289 | D:12     | Noticed Gastronok
  9297 | D:12     | Killed Gastronok
  9298 | D:12     | Reached skill level 9 in Shapeshifting
  9409 | D:12     | Acquired the +1 pair of boots of Ojilax {rElec}
  9442 | D:12     | You fall into a shaft and drop 2 floors!
  9592 | D:12     | Noticed Kirke
  9605 | D:12     | Killed Kirke
  9606 | D:12     | Reached XP level 12. HP: 36/86 MP: 15/17
  9726 | D:12     | Noticed Jorgrun
  9729 | D:12     | Killed from afar by Jorgrun

Illustrated notes

Levels and vault maps discovered:
D:1:      dpeg_arrival_castle, layout_basic, serial_forest,
          infiniplex_forest_straight_2, infiniplex_forest_straight_3,
          infiniplex_forest_clump_double, infiniplex_forest_lined_1,
          infiniplex_forest_clump_small, infiniplex_forest_straight_2,
          infiniplex_forest_lined_3_way
D:2:      layout_rooms
D:3:      layout_basic, general_overflow_altar, uniq_terence
D:4:      minmay_chambers_of_fours, layout_loops_ring, gup_sewer_entry_pipe,
          serial_shops, shop, uniq_ijyb
D:5:      layout_basic, guppyfry_shop_venom
D:6:      layout_rooms
D:7:      layout_rooms, minmay_temple_entry_hall, serial_shops,
          nicolae_shop_overgrown_old_shop, uniq_pikel, uniq_maggie, uniq_duvessa
D:8:      layout_cave_pools
D:9:      layout_basic, grunt_temple_overflow_open, lair_entry_dummy,
          serial_shops, shop
D:10:     layout_rooms
D:11:     layout_rooms, hangedman_abyss_or_decor_slice
D:12:     layout_rooms, nicolae_twisting_strands, uniq_kirke, uniq_jorgrun,
          uniq_gastronok
D:13:     layout_small_grid, grunt_vaults_entry_tiered
D:14:     layout_basic
Temple:   nicolae_temple_elliptical
Orc:1:    layout_caves, uniq_nergalle, uniq_harold

Skill      XL: |  1  2  3  4  5  6  7  8  9 10 11 |
---------------+----------------------------------+-----
Axes           | 3 4 5 6 7 8 |  8.0
Dodging        | 3 4 5 6 7 |  7.2
Armour         | 1 2 3 4 6 7 8 |  8.1
Fighting       | 4 5 |  5.2
Shapeshifting  | 3 5 7 9 |  9.2
Spellcasting   | 3 |  3.4
Transmutations | 3 |  3.3

Action                     |  1- 3 |  4- 6 |  7- 9 | 10-12 || total
---------------------------+-------+-------+-------+-------++-------
  Melee: Hand axe          |    84 |    32 |       |       ||   116
         War axe           |       |   135 |    69 |       ||   204
         Broad axe         |       |       |    83 |       ||    83
         Executioner's axe |       |       |    17 |   129 ||   146
         Headbutt          |       |       |    12 |    16 ||    28
         Unarmed           |       |       |       |    25 ||    25
         Constrict         |       |       |       |     6 ||     6
  Throw: Javelin           |     4 |     1 |       |       ||     5
   Cast: Wereblood         |       |       |       |     1 ||     1
    Use: Potion            |       |     2 |       |     2 ||     4
         Scroll            |       |       |     4 |    16 ||    20
   Stab: Sleeping          |     1 |       |       |     4 ||     5
         Distracted        |       |       |       |     1 ||     1
 Armour: Robe              |    21 |    54 |    21 |       ||    96
         Steam dragon scal |       |       |    10 |    20 ||    30
         Troll leather arm |       |       |       |    39 ||    39
         Skin              |       |       |       |     5 ||     5
  Dodge: Dodged            |    80 |   139 |   130 |   256 ||   605
  Block: Orb               |       |       |    51 |       ||    51
         Other             |       |       |     9 |    97 ||   106
         Form:             |       |       |       |     1 ||     1
         Anaconda          |       |       |       |     1 ||     1

Table legend: (Time is in decaauts)
 A = Elapsed time spent in this place.
 B = Non-inter-level travel time spent in this place.
 C = Inter-level travel time spent in this place.
 D = Time resting spent in this place.
 E = Time spent auto-exploring this place.
 F = Levels seen in this place.
 G = Mean time per level.
                   A        B        C        D        E       F      G
               +--------+--------+--------+--------+--------+-----+--------+
         Total |  11761 |  11159 |    602 |      0 |   8917 |  16 |  735.1 |
       Dungeon |  11319 |  10748 |    571 |      0 |   8754 |  14 |  808.5 |
        Temple |     68 |     38 |     30 |      0 |      0 |   1 |   68.0 |
  Orcish Mines |    372 |    372 |      0 |      0 |    162 |   1 |  372.0 |
               +--------+--------+--------+--------+--------+-----+--------+

Top non-repeatable levels by time:
     D:9: 1376 daAuts
     D:4: 1166 daAuts
     D:7: 1157 daAuts
     D:5: 1101 daAuts
     D:1: 1008 daAuts
     D:8: 885 daAuts
    D:10: 879 daAuts
     D:3: 844 daAuts
    D:11: 831 daAuts
     D:2: 638 daAuts
    D:12: 614 daAuts
     D:6: 601 daAuts
   Orc:1: 372 daAuts
    D:14: 158 daAuts
  Temple: 68 daAuts
